 Dungeon Crawl Stone Soup version 0.19-a0-994-g3c636f0 (webtiles) character file.

191327 Gruud the Grand Gadgeteer (level 18, -3/115 HPs)
             Began as a Kobold Gladiator on July 13, 2016.
             Was the Champion of Pakellas.
             Hit by a javelin thrown by a merfolk javelineer (13 damage)
             ... on level 4 of the Shoals on July 15, 2016.
             The game lasted 04:12:44 (31381 turns).

Gruud the Grand Gadgeteer (Kobold Gladiator)       Turns: 31381, Time: 04:12:48

Health: -3/115     AC: 17    Str: 18    XL:     18   Next: 87%
Magic:  27/31      EV: 32    Int: 21    God:    Pakellas [******]
Gold:   800        SH:  0    Dex: 30    Spells: 0 memorised, 17 levels left

rFire  . . .     SeeInvis +     a - +1 lajatang (freeze)
rCold  + + +     Gourm    .     c - +1 ring mail "Erinebbi" {rC+++ Regen+ Dex+3 Stlth-}
rNeg   . . .     Faith    .     (shield currently unavailable)
rPois  +         Spirit   .     z - +2 helmet {Int+3}
rElec  .         Dismiss  +     B - +0 cloak {+Inv}
rCorr  .         Reflect  .     S - +2 pair of gloves {Str+3}
SustAt .         Harm     .     L - +0 pair of boots
MR     ++...                    Y - amulet "Idiceb" {Dismiss *Drain rPois Int+8}
Stlth  +.........               s - ring "Kajah" {MR+ Int+4 Dex+4}
                                X - ring of see invisible

@: contaminated, glowing, invisible (but backlit and visible), very resistant to
hostile enchantments, very unstealthy
A: carnivore 3
a: Quick Charge, Device Surge, Supercharge, Renounce Religion, Turn Visible
}: 1/15 runes: gossamer


You were on level 4 of the Shoals.
You worshipped Pakellas.
Pakellas was exalted by your worship.
You were very full.

You visited 5 branches of the dungeon, and saw 29 of its levels.

You collected 3313 gold pieces.
You spent 2513 gold pieces at shops.

Inventory:

Hand Weapons
 a - a +1 lajatang of freezing (weapon)
 y - a +2 blowgun
Missiles
 n - 9 curare-tipped needles
Armour
 c - the +1 ring mail "Erinebbi" (worn) {rC+++ Regen+ Dex+3 Stlth-}
   (You bought it in a shop on level 2 of the Orcish Mines)

   It affects your dexterity (+3).
   It renders you almost immune to cold.
   It increases your rate of regeneration.
   It makes you less stealthy.
 z - a +2 helmet of intelligence (worn)
 B - a +0 cloak of invisibility (worn)
 L - a +0 pair of boots (worn)
 S - a +2 pair of gloves of strength (worn)
Rods
 b - a +9 rod of clouds (3/12)
   (You bought it in a shop on level 2 of the Orcish Mines)
 C - a +6 rod of shadows (7/12)
   (Pakellas gifted it to you on level 11 of the Dungeon)
Jewellery
 s - the ring "Kajah" (right hand) {MR+ Int+4 Dex+4}
   (You found it on level 5 of the Dungeon)

   [ring of protection from magic]

   It affects your intelligence (+4).
   It affects your dexterity (+4).
   It affects your resistance to hostile enchantments.
 M - an uncursed ring of sustain attributes {unknown}
 X - a ring of see invisible (left hand)
 Y - the amulet "Idiceb" (around neck) {Dismiss *Drain rPois Int+8}
   (You found it on level 12 of the Dungeon)

   [amulet of dismissal]

   It may teleport away creatures that harm you.
   It affects your intelligence (+8).
   It protects you from poison.
   It causes draining when unequipped.
Wands
 d - a wand of digging (17/24)
 m - a wand of lightning (11/15)
 u - a wand of iceblast (9/15)
 w - a wand of confusion (24/48)
 G - a wand of teleportation (6/9)
 O - a wand of acid (10/15)
Scrolls
 k - 4 scrolls of magic mapping
 o - 12 scrolls of remove curse
 p - 3 scrolls of immolation
 r - 5 scrolls of fog
 t - 2 scrolls of recharging
 x - a scroll of teleportation
 J - a scroll of enchant armour
 U - 3 scrolls of blinking
 V - 2 scrolls of identify
Potions
 e - 6 potions of lignification
 g - 3 potions of might
 h - 2 potions of resistance
 i - 4 potions of flight
 j - 2 potions of haste
 l - 3 potions of agility
 q - 9 potions of curing
 A - 2 potions of heal wounds
 D - 2 potions of cancellation
 E - 4 potions of mutation
 Q - 2 potions of invisibility
 R - 6 potions of ambrosia
 T - a potion of berserk rage
 W - 4 potions of magic
Miscellaneous
 I - a sack of spiders
 K - a phial of floods
 P - a disc of storms
 Z - a fan of gales
Comestibles
 f - 14 meat rations
 v - 8 slices of pizza
 F - 4 beef jerkies
 H - 8 chunks of flesh
 N - 3 royal jellies


   Skills:
 + Level 13.4 Fighting
 + Level 15.0 Staves
 - Level 2.1 Throwing
 + Level 9.5 Armour
 + Level 16.3 Dodging
 - Level 5.0 Stealth
 * Level 19.5 Evocations


You had 17 spell levels left.
You didn't know any spells.

Dungeon Overview and Level Annotations

Branches:
Dungeon (13/15)            Temple (0/1) D:7            Lair (6/6) D:8
 Shoals (4/4) Lair:4       Spider (4/4) Lair:3        Slime (0/5) Lair:5
    Orc (2/2) D:9             Elf (0/3) Orc:2
 Vaults: D:13-14

Altars:
Cheibriados
Dithmenos
Gozag
Hepliaklqana
Okawaru
Pakellas
Uskayaw
Vehumet
Zin
Jiyva

Shops:
D:4 *   D:7 *   D:8 [   D:9 ?*   Orc:2 }*[(:

Annotations:
D:12 4thArraOfDagon's ghost, journeyman TrEE


Innate Abilities, Weirdness & Mutations

You are small and have problems with some larger weapons.
You are carnivorous and can eat meat at any time.


Message History

Unknown command.
Unknown command.
Evoke which item? (* to show all) (? for menu, Esc to quit)
Zapping:
w - a wand of confusion (25/48)
Press: ? - help, Shift-Dir - straight line, f - merfolk, p - merfolk javelineer
Aim: a merfolk, wielding a trident (chance to defeat MR: 62%)
The merfolk resists with significant effort.
This wand has 24 charges left.
The merfolk javelineer throws a javelin.
The javelin hits you!
* * * LOW HITPOINT WARNING * * *
The merfolk javelineer is engulfed in freezing vapours.
The merfolk completely misses you.
You fade into invisibility!
You are contaminated with residual magic.
You feel somewhat less full. The merfolk barely misses you.
The merfolk javelineer throws a javelin.
The javelin hits you!
You die...
Pakellas says: Time to start the next experiment...

≈≈≈≈≈≈≈≈##.≈. .≈
#≈..P.
≈≈≈≈≈≈≈≈≈≈#≈.#.#.
##.P.P
≈≈≈≈≈≈≈≈≈≈#.).≈m
#.≈.P
≈≈≈≈≈≈≈≈≈##()#
#.≈PP ≈≈≈≈≈≈≈)≈.)#
# ≈≈≈≈P
.≈p≈≈†≈†.!(###.≈##≈
≈≈≈≈
..§§≈≈m.(((((..≈≈≈≈
≈≈
..§§§§..((......≈≈≈
P
..§§§§§@...(....≈≈≈
m.§§§§....()...≈≈≈≈
..§§mm......≈≈≈###≈
............####
.........≈##≈≈
........≈≈≈ ≈≈≈
........≈≈## ≈#
.........≈#


You could see 2 merfolk javelineers, 2 merfolk and a neutral human (wandering).

Vanquished Creatures
  Nikola (Spider:2)
  Rupert (Lair:6)
  Asterion (Spider:1)
  A kraken (Shoals:2)
  Kirke (Shoals:4)
  Ilsuiw (Shoals:4)
  A frost giant (Shoals:4)
  4 ghost moths (Spider:4)
  9 emperor scorpions
  5 entropy weavers
  2 spark wasps
  5 merfolk javelineers
  5 merfolk impalers
  5 hydras
  A centaur warrior (D:12)
  A merfolk aquamancer (Shoals:2)
  A merfolk avatar (Shoals:4)
  A catoblepas (Lair:2)
  2 satyrs
  6 death yaks
  An orc high priest (Orc:2)
  Sonja (D:11)
  A skeletal warrior (D:12)
  An unseen horror (D:8)
  7 sea snakes
  A necromancer (Spider:3)
  3 hill giants
  A lindwurm (Lair:6)
  4 orc knights (Orc:1)
  A hornet (Spider:4)
  7 wolf spider zombies (Spider:3)
  6 harpies (Shoals:2)
  28 wolf spiders
  6 manticores
  A deep elf mage (D:12)
  An ugly thing (D:11)
  9 fauns
  3 orc sorcerers
  6 cyclopes
  16 orb spiders
  5 oklob plants
  4 griffons
  A siren (Shoals:2)
  2 moths of wrath
  2 black mambas
  17 elephants
  Maurice (Orc:1)
  6 water nymphs
  4 komodo dragons
  14 spiny frogs
  10 redback zombies (Spider:3)
  5 demonic crawlers
  A rime drake (Lair:6)
  A tengu conjurer (D:10)
  15 merfolk
  2 trolls (Orc:1)
  3 wind drakes
  32 jumping spiders
  3 two-headed ogres
  2 giant leeches (Lair:6)
  8 tarantella zombies (Spider:3)
  6 snapping turtles
  13 blink frogs
  2 boulder beetles
  73 redbacks
  45 yaks
  29 tarantellas
  Eustachio (D:4)
  3 wraiths
  2 wyverns
  7 water elementals
  A hippogriff (shapeshifter) (D:12)
  3 hogs (Shoals:4)
  6 hippogriffs
  5 vampire mosquitoes
  2 soldier ants (D:13)
  3 wargs
  14 water moccasins
  2 hell hounds (D:8)
  5 porcupines
  A sky beast (D:10)
  5 ice beasts
  31 orc warriors
  3 black bears
  A wasp (Spider:3)
  2 phantoms
  11 ogres
  3 necrophages
  9 wolves
  4 centaurs
  6 crocodiles
  4 big kobolds
  A wyvern zombie (D:10)
  24 giant frogs
  4 scorpions
  6 killer bees (D:8)
  17 wights
  2 electric eels (Lair:6)
  A crimson imp (D:7)
  A quasit (D:8)
  3 centaur zombies
  A giant frog zombie (D:6)
  4 hounds
  3 jellies
  22 orc wizards
  14 orc priests
  14 worker ants
  4 iguanas
  30 sheep
  A killer bee zombie (D:6)
  A wasp simulacrum (D:12)
  2 hound skeletons
  A howler monkey skeleton (D:10)
  8 adders
  4 gnolls (D:7)
  37 river rats
  3 shadow imps
  2 adder skeletons (D:8)
  4 worms
  2 dart slugs (D:1)
  3 giant geckos
  88 orcs
  4 giant cockroaches
  9 goblins
  6 hobgoblins
  10 jackals
  9 kobolds
  3 quokkas
  A ball python (D:1)
  4 bats
  3 giant newts
  A jackal skeleton (D:5)
  A quokka zombie (D:5)
  2 rats
  A bush (Lair:5)
  3 plants
  A tentacle (Shoals:2)
963 creatures vanquished.

Vanquished Creatures (collateral kills)
  An orc warlord (Orc:2)
  Louise (Shoals:3)
  A merfolk impaler (Shoals:3)
  The ghost of CypherZel the Fighter, a journeyman GrFi of Okawaru (D:13)
  A centaur warrior (D:12)
  A merfolk aquamancer (Shoals:4)
  A merfolk avatar (Shoals:3)
  An orc high priest (Orc:2)
  An orc knight (Orc:2)
  An orc sorcerer (Orc:2)
  2 oklob plants (Lair:5)
  A siren (Shoals:4)
  A komodo dragon (Lair:6)
  A torpor snail (Spider:4)
  3 spiny frogs (Lair:6)
  A jumping spider (Spider:4)
  A merfolk (Shoals:2)
  3 giant leeches (Lair:6)
  3 water elementals
  A redback (Spider:4)
  A hungry ghost (D:13)
  2 vampire mosquitoes (Lair:6)
  A water moccasin (Lair:6)
  3 orc warriors (Orc:2)
  An ogre (Orc:2)
  A crocodile (Lair:6)
  4 centaurs (D:12)
  A giant frog (Lair:6)
  An electric eel (Lair:6)
  An orc wizard (Orc:2)
  3 sheep (Shoals:2)
  A river rat (Lair:5)
  An orc (Orc:2)
  A kobold (D:12)
  A plant (Lair:6)
50 creatures vanquished.

Vanquished Creatures (others)
  A demonic crawler (Spider:4)
  A troll (D:4)
  An ogre (D:9)
  An orc priest (D:5)
  An orc wizard (D:5)
  A river rat (Lair:5)
  An orc (D:5)
  15 fungi
  33 plants
  8 tentacles
  545 tentacle segments
608 creatures vanquished.

Grand Total: 1621 creatures vanquished

Notes
Turn   | Place    | Note
-------+----------+-------------------------------------------
     0 | D:1      | Gruud the Kobold Gladiator began the quest for the Orb.
     0 | D:1      | Reached XP level 1. HP: 12/12 MP: 1/1
   191 | D:1      | Reached XP level 2. HP: 16/17 MP: 2/2
   620 | D:2      | Reached XP level 3. HP: 16/21 MP: 3/3
  1390 | D:3      | Reached XP level 4. HP: 23/26 MP: 4/4
  1700 | D:3      | Noticed a phantom
  1834 | D:4      | Reached XP level 5. HP: 21/30 MP: 5/5
  1838 | D:4      | Reached skill level 5 in Dodging
  2282 | D:4      | Found an oddly glowing altar of Pakellas.
  2282 | D:4      | Noticed a troll
  2286 | D:4      | Became a worshipper of Pakellas the Inventive
  2292 | D:4      | Killed a troll
  2308 | D:4      | Noticed a shining eye
  2432 | D:4      | Reached XP level 6. HP: 35/35 MP: 6/6
  2439 | D:4      | Found Hyttur's General Store.
  2449 | D:4      | Bought a potion of heal wounds for 50 gold pieces
  2575 | D:5      | Entered Level 5 of the Dungeon
  2580 | D:5      | Noticed Eustachio
  2600 | D:5      | Reached skill level 1 in Evocations
  2601 | D:5      | Reached skill level 5 in Staves
  2900 | D:5      | Got a glittering ivory ring
  2903 | D:5      | Identified the ring "Kajah" {MR+ Int+4 Dex+4} (You found it on level 5 of the Dungeon)
  3333 | D:5      | Reached skill level 2 in Evocations
  3413 | D:5      | Found a hazy altar of Hepliaklqana.
  3413 | D:5      | Found an opulent altar of Gozag.
  3414 | D:5      | Found a snail-covered altar of Cheibriados.
  3416 | D:5      | Found an iron altar of Okawaru.
  3525 | D:6      | Found a shadowy altar of Dithmenos.
  3563 | D:6      | Noticed an ogre
  3578 | D:6      | Killed an ogre
  3578 | D:6      | Reached XP level 7. HP: 40/40 MP: 8/8
  3877 | D:6      | Reached skill level 3 in Evocations
  4210 | D:6      | Found a hide-covered altar of Uskayaw.
  4343 | D:6      | Reached XP level 8. HP: 18/44 MP: 10/10
  4657 | D:6      | Reached * piety under Pakellas
  4657 | D:6      | Received a gift from Pakellas
  4723 | D:6      | Reached skill level 4 in Evocations
  4787 | D:7      | Noticed a yak
  4787 | D:7      | Noticed a yak
  4789 | D:7      | Noticed a yak
  4790 | D:7      | Noticed a yak
  4849 | D:7      | Found a staircase to the Ecumenical Temple.
  4870 | D:7      | Killed a yak
  4893 | D:7      | Killed a yak
  4893 | D:7      | Reached skill level 5 in Evocations
  4894 | D:7      | Reached XP level 9. HP: 36/48 MP: 12/12
  5107 | D:7      | Reached skill level 6 in Evocations
  5351 | D:7      | Found Domnyd's Assorted Antiques.
  5444 | D:7      | Found a glowing silver altar of Zin.
  5506 | D:7      | Reached ** piety under Pakellas
  5506 | D:7      | Received a gift from Pakellas
  5789 | D:8      | Found Begurchyl's Armour Boutique.
  5798 | D:8      | Bought a +0 pair of boots for 58 gold pieces
  6324 | D:8      | Noticed a two-headed hydra
  6355 | D:8      | Killed a two-headed hydra
  6355 | D:8      | Reached skill level 7 in Evocations
  6355 | D:8      | Reached XP level 10. HP: 19/53 MP: 15/15
  6723 | D:8      | Found a staircase to the Lair.
  6866 | D:8      | Reached skill level 10 in Staves
  7203 | D:8      | Killed an unseen horror
  7203 | D:8      | Reached skill level 8 in Evocations
  7734 | D:9      | Reached skill level 10 in Dodging
  7768 | D:9      | Found Koehar's Magic Scroll Shoppe.
  7901 | D:9      | Reached *** piety under Pakellas
  7901 | D:9      | Received a gift from Pakellas
  8295 | D:9      | Reached XP level 11. HP: 59/59 MP: 6/17
  8319 | D:9      | Found a staircase to the Orcish Mines.
  8456 | D:9      | Found Hisyff's General Store.
  8552 | D:10     | Entered Level 10 of the Dungeon
  8830 | D:10     | Reached **** piety under Pakellas
  8830 | D:10     | Received a gift from Pakellas
  9129 | D:10     | Reached skill level 9 in Evocations
  9407 | D:10     | Upgraded the game from 0.19-a0-975-gfff5315 to 0.19-a0-981-gaae9137
  9632 | D:10     | Noticed a hill giant
  9685 | D:10     | Killed a hill giant
 10208 | D:11     | Noticed a cyan ugly thing
 10232 | D:11     | Killed a cyan ugly thing
 10232 | D:11     | Reached skill level 5 in Fighting
 10398 | D:11     | Noticed a hill giant
 10414 | D:11     | Killed a hill giant
 10541 | D:11     | Noticed Sonja
 10548 | D:11     | Noticed a cyclops
 10551 | D:11     | Reached XP level 12. HP: 68/68 MP: 17/19
 10557 | D:11     | Reached ***** piety under Pakellas
 10557 | D:11     | Received a gift from Pakellas
 10573 | D:11     | Killed Sonja
 10573 | D:11     | Reached skill level 10 in Evocations
 10889 | D:12     | Noticed 4thArraOfDagon's ghost (journeyman TrEE)
 11051 | D:12     | Noticed a five-headed hydra
 11058 | D:12     | Killed a five-headed hydra
 11058 | D:12     | Reached skill level 1 in Stealth
 11091 | D:12     | Noticed a centaur warrior
 11152 | D:12     | Killed a centaur warrior
 11379 | D:9      | Bought the +1 robe of Thank Me Later {+Inv Regen+ Dex-3} for 214 gold pieces
 11425 | Orc:1    | Entered Level 1 of the Orcish Mines
 11655 | D:8      | Bought a +0 pair of gloves for 58 gold pieces
 11774 | D:4      | Killed Eustachio
 11844 | D:4      | Bought a +0 cloak for 45 gold pieces
 12000 | Lair:1   | Entered Level 1 of the Lair of Beasts
 12185 | Lair:1   | Reached skill level 11 in Evocations
 13017 | Lair:2   | Identified a +6 rod of shadows (12/12) (Pakellas gifted it to you on level 11 of the Dungeon)
 13220 | Lair:2   | Noticed a catoblepas
 13250 | Lair:2   | Killed a catoblepas
 13250 | Lair:2   | Reached skill level 1 in Armour
 13931 | Lair:3   | Reached XP level 13. HP: 67/76 MP: 15/21
 13950 | Lair:3   | Reached skill level 5 in Stealth
 14097 | Lair:3   | Found a hole to the Spider Nest.
 14258 | Lair:3   | Reached ****** piety under Pakellas
 14261 | Lair:3   | Reached skill level 12 in Evocations
 14416 | Lair:3   | You fall through a shaft!
 14425 | Lair:4   | Got a twisted leather armour
 14491 | Lair:3   | Identified the cursed +0 leather armour of Ocixaclehe {rC+ MR+} (You found it on level 4 of the Lair of Beasts)
 15046 | Lair:4   | Found a staircase to the Shoals.
 15363 | Lair:4   | Found a radiant altar of Vehumet.
 16008 | Lair:5   | Reached skill level 13 in Evocations
 16516 | Lair:5   | Reached XP level 14. HP: 84/84 MP: 12/24
 16648 | Lair:5   | Found a viscous altar of Jiyva.
 16649 | Lair:5   | Found a staircase to the Slime Pits.
 17302 | Lair:6   | Entered Level 6 of the Lair of Beasts
 17763 | Lair:6   | Reached skill level 14 in Evocations
 18137 | Lair:6   | Noticed Rupert
 18149 | Lair:6   | Killed Rupert
 18149 | Lair:6   | Reached skill level 5 in Armour
 19348 | Orc:2    | Entered Level 2 of the Orcish Mines
 19440 | Orc:2    | Found Immas's Antique Armour Shop.
 19912 | Orc:2    | Reached XP level 15. HP: 47/92 MP: 6/26
 20071 | Orc:2    | Reached skill level 15 in Evocations
 20075 | Orc:2    | Found Fopoe's Gadget Shop.
 20128 | Orc:1    | Reached skill level 10 in Fighting
 20476 | Orc:2    | Noticed an orc warlord
 20491 | Orc:2    | Killed an orc warlord
 20530 | Orc:2    | Found Ikyr's General Store.
 20563 | Orc:2    | Found Cuurirph's Antique Weapon Shoppe.
 20587 | Orc:2    | Found Pekloh's Book Shop.
 20608 | Orc:2    | Found a staircase to the Elven Halls.
 21037 | Orc:1    | Noticed Maurice
 21051 | Orc:1    | Killed Maurice
 21496 | Orc:2    | Bought a glowing blowgun for 92 gold pieces
 21525 | Orc:2    | Bought a glowing helmet for 130 gold pieces
 21536 | Orc:2    | Bought a faintly humming ring mail for 261 gold pieces
 21546 | Orc:2    | Identified the cursed +1 ring mail "Erinebbi" {rC+++ Regen+ Dex+3 Stlth-} (You bought it in a shop on level 2 of the Orcish Mines)
 22235 | D:12     | Got a vibrating amethyst amulet
 22272 | D:12     | Identified the amulet "Idiceb" {Dismiss *Drain rPois Int+8} (You found it on level 12 of the Dungeon)
 22586 | D:13     | Noticed CypherZel's ghost (journeyman GrFi)
 22666 | D:13     | Killed CypherZel's ghost
 22892 | Orc:2    | Bought a +7 rod of clouds (10/10) for 1605 gold pieces
 23044 | Spider:1 | Entered Level 1 of the Spider Nest
 23223 | Spider:1 | Noticed an emperor scorpion
 23250 | Spider:1 | Killed an emperor scorpion
 23305 | Spider:1 | Noticed an emperor scorpion
 23384 | Spider:1 | Killed an emperor scorpion
 23384 | Spider:1 | Reached skill level 16 in Evocations
 23533 | Spider:1 | Noticed an emperor scorpion
 24144 | Spider:1 | Reached XP level 16. HP: 72/99 MP: 22/28
 24382 | Spider:1 | Noticed Asterion
 24395 | Spider:1 | Killed Asterion
 25060 | Spider:2 | Got a crystal eveningstar
 25061 | Spider:2 | Identified the +4 eveningstar "Worm" {crush, Int+6} (You found it on level 2 of the Spider Nest)
 25225 | Spider:2 | HP: 2/100 [jumping spider (12)]
 25382 | Spider:2 | Noticed Nikola
 25410 | Spider:2 | Killed Nikola
 25595 | Spider:3 | Reached skill level 17 in Evocations
 25947 | Spider:4 | Entered Level 4 of the Spider Nest
 26388 | Spider:3 | Reached skill level 15 in Dodging
 26838 | Spider:4 | Reached XP level 17. HP: 96/106 MP: 19/29
 27894 | Spider:4 | Reached skill level 18 in Evocations
 28090 | Spider:4 | Got a gossamer rune of Zot
 28792 | Shoals:1 | Entered Level 1 of the Shoals
 29102 | Shoals:1 | Reached XP level 18. HP: 92/113 MP: 21/31
 29166 | Shoals:1 | Noticed a kraken
 29859 | Shoals:2 | Noticed a kraken
 29874 | Shoals:2 | Killed a kraken
 30039 | Shoals:2 | Noticed a kraken
 30662 | Shoals:3 | Noticed Louise
 30680 | Shoals:3 | Killed Louise
 30680 | Shoals:3 | Reached skill level 19 in Evocations
 30970 | Shoals:4 | Entered Level 4 of the Shoals
 30971 | Shoals:4 | Upgraded the game from 0.19-a0-981-gaae9137 to 0.19-a0-994-g3c636f0
 31298 | Shoals:4 | Noticed Kirke
 31313 | Shoals:4 | Killed Kirke
 31313 | Shoals:4 | Reached skill level 15 in Staves
 31361 | Shoals:4 | Noticed Ilsuiw
 31377 | Shoals:4 | Killed Ilsuiw
 31381 | Shoals:4 | Hit by a javelin thrown by a merfolk javelineer

Vault maps used:
D:1:      wheals_arrival_linesprint, serial_glass, glass_columns_a,
          glass_columns_a
D:3:      first_bread, serial_park_tiny_pond, serial_bayou_crossing
D:4:      gammafunk_pakellas_its_alive, serial_shops, nicolae_shop_stone
D:5:      minitemple, serial_shops, shop_statue, lemuel_flamethrower_2,
          uniq_eustachio
D:6:      lemuel_doored_altar, fountainhead, st_stairs_5,
          nicolae_dithmenos_through_a_glass_darkly
D:7:      overflow_temple_1_default, serial_shops, nicolae_shop_waterfront
D:8:      minmay_lair_entry_lava, serial_shops, shop_statue, hangedman_ranch
D:9:      lemuel_ice_spiral_2, hiddenorc1_lemuel, serial_shops,
          nicolae_shop_crystal, kennysheep_mini
D:11:     uniq_sonja
D:12:     minivault_1, minivault_12
D:13:     grunt_vaults_entry_fortified, serial_park_tiny_2,
          grunt_decor_mini_mirrors, kennysheep_just_a_vault, uniq_urug
Lair:1:   grunt_megastairs_3
Lair:2:   infiniplex_staircase_pool, lemuel_fruit_fields
Lair:3:   nicolae_spider_entry_non_spiders, st_stairs_6
Lair:4:   shoals_dummy_entry, basic_altar
Lair:5:   beast_lair_carwin_large_3, slime_altar_1, dpeg_oklob_1
Lair:6:   minmay_lair_end_frog_pond, bobbens_dragon_lair_wall, uniq_rupert
Shoals:1: nicolae_shoals_island_circles
Shoals:2: ldierk_geyser
Shoals:3: uniq_louise, uniq_jorgrun
Shoals:4: shoals_end_grunt_ice, shoals_ilsuiw_alternative, uniq_kirke
Spider:1: spider_temple_joshua, spiders_nest_spider_trap, uniq_asterion
Spider:2: uniq_nikola
Spider:3: lemuel_spider_zombies, spider_trap
Spider:4: grunt_spider_rune_circles
Orc:1:    uniq_maurice
Orc:2:    grunt_orc_gardens, grunt_orc_garden, grunt_orc_garden,
          grunt_orc_garden, grunt_orc_garden, serial_shops, shop

Skill      XL: |  1  2  3  4  5  6  7  8  9 10 11 12 13 14 15 16 17 18 |
---------------+-------------------------------------------------------+-----
Staves         | 3 4 5 6 7 9 10 11 12 13 14 15 | 15.0
Dodging        | 4 5 6 7 9 10 11 12 13 14 15 16 | 16.3
Evocations     | 2 3 5 7 8 9 11 13 14 16 17 18 19 | 19.5
Fighting       | 5 7 8 9 10 11 12 13 | 13.4
Stealth        | 4 5 |  5.0
Armour         | 1 3 5 6 7 8 9 |  9.5
Throwing       | |  2.1

Action                   |  1- 3 |  4- 6 |  7- 9 | 10-12 | 13-15 | 16-18 || total
-------------------------+-------+-------+-------+-------+-------+-------++-------
Melee: Quarterstaff      |    96 |   140 |   242 |  1074 |  1572 |    44 ||  3168
       Lajatang          |       |       |       |       |       |  1000 ||  1000
 Fire: Blowgun           |       |    16 |    49 |   109 |   130 |     1 ||   305
       Hunting sling     |       |       |       |     3 |       |       ||     3
Throw: Throwing net      |     2 |     3 |     1 |       |       |       ||     6
Invok: Quick Charge      |       |       |     2 |    11 |    26 |    10 ||    49
       Device Surge      |       |       |       |       |     1 |       ||     1
 Abil: Evoke Invisibilit |       |       |       |       |     1 |     3 ||     4
Evoke: Wand              |       |       |    62 |   137 |   198 |    27 ||   424
       Rod               |       |       |       |     2 |    39 |    82 ||   123
       Phial of floods   |       |       |       |       |     1 |     1 ||     2
       Fan of gales      |       |       |       |       |       |     1 ||     1
  Use: Scroll            |     3 |     1 |     2 |    15 |    10 |     5 ||    36
       Potion            |       |       |     2 |     1 |     3 |     7 ||    13
 Stab: Held in net/web   |     2 |       |     1 |       |       |    15 ||    18
       Confused          |       |       |     6 |    44 |    63 |       ||   113
       Sleeping          |       |       |       |     9 |    12 |     3 ||    24
       Distracted        |       |       |       |     1 |     1 |       ||     2
       Invisible         |       |       |       |       |    10 |    13 ||    23
  Eat: Chunk             |    10 |     5 |    11 |    25 |    50 |    54 ||   155
Armor: Leather armour    |     7 |    11 |    27 |    66 |       |       ||   111
       Ring mail         |    13 |    12 |       |       |    55 |   226 ||   306
       Skin              |       |       |    14 |    65 |       |       ||    79
       Robe              |       |       |       |    37 |    94 |       ||   131
Dodge: Dodged            |    59 |   122 |   164 |   768 |  1496 |  1530 ||  4139
